 Dungeon Crawl Stone Soup version 0.23.0 (webtiles) character file.

Game seed: 1742850628361209844

100 Flure the Purveyor of Pain (level 4, 0/30 HPs)
             Began as a Demonspawn Necromancer on Feb 15, 2019.
             Was an Initiate of Kikubaaqudgha.
             Slain by a worker ant (2 damage)
             ... on level 4 of the Dungeon.
             The game lasted 00:08:51 (4256 turns).

Flure the Purveyor of Pain (Demonspawn Necromancer) Turns: 4256, Time: 00:08:53

Health: 0/30       AC:  5    Str:  6 (9)  XL:     4   Next: 47%
Magic:  2/8        EV: 12    Int: 15 (17) God:    Kikubaaqudgha [......]
Gold:   94         SH:  0    Dex: 11 (13) Spells: 6/8 levels left

rFire    . . .     SeeInvis .   d - +0 dagger
rCold    . . .     Gourm    .   (no shield)
rNeg     . . .     Faith    .   a - +0 robe
rPois    .         Spirit   .   (no helmet)
rElec    .         Reflect  .   (no cloak)
rCorr    .         Harm     .   q - +0 pair of gloves
MR       .....                  (no boots)
Stlth    ++........             (no amulet)
HPRegen  0.10/turn              (no ring)
MPRegen  0.11/turn              (no ring)

@: lethally poisoned (0 -> -6)
A: thin metallic scales 1
a: Renounce Religion


You were on level 4 of the Dungeon.
You worshipped Kikubaaqudgha.
Kikubaaqudgha was noncommittal.
You were hungry.

You visited 2 branches of the dungeon, and saw 5 of its levels.

You collected 94 gold pieces.

Inventory:

Hand Weapons
 d - a +0 dagger (weapon)
Missiles
 f - 2 tomahawks (quivered)
 k - 46 arrows
 o - 5 curare-tipped needles
Armour
 a - a +0 robe (worn)
 n - a +0 shield
 q - a +0 pair of gloves (worn)
 s - the cursed +0 ring mail of Joy {rElec rF+ MR+, unknown}
   (You found it on level 4 of the Dungeon)

   It protects you from fire.
   It insulates you from electricity.
   It affects your resistance to hostile enchantments.
   It has a curse placed upon it.
Scrolls
 b - 2 scrolls of enchant armour {unknown}
 g - a scroll of noise {unknown}
 h - a scroll of fear {unknown}
 i - 3 scrolls of identify {unknown}
 l - a scroll of teleportation {unknown}
 p - 2 scrolls of remove curse {unknown}
Potions
 e - a potion of degeneration
 j - a potion of agility {unknown}
 m - a potion of cancellation {unknown}
 r - a potion of might {unknown}
 t - a potion of curing {unknown}
Comestibles
 c - 6 rations


   Skills:
 + Level 0.4 Short Blades
 + Level 2.2 Dodging
 - Level 2.0 Stealth
 + Level 2.9 Spellcasting
 + Level 5.5 Necromancy


You had 6 spell levels left.
You knew the following spells:

 Your Spells              Type           Power        Failure   Level  Hunger
a - Pain                  Necr           ###.         2%          1    #......
b - Animate Skeleton      Necr           N/A          2%          1    #......

Your spell library contained the following spells:

 Spells                   Type           Power        Failure   Level  Hunger
 Vampiric Draining        Necr           ###.......   6%          3    ###....
 Regeneration             Chrm/Necr      ##........   21%         3    ###....
 Animate Dead             Necr           N/A          22%         4    #####..


Dungeon Overview and Level Annotations

Branches:
Dungeon (4/15)             Temple (1/1) D:4

Altars:
Ashenzari
Dithmenos
Fedhas
Gozag
Hepliaklqana
Kikubaaqudgha
Nemelex Xobeh
Qazlal
Trog
Uskayaw
Vehumet
Xom
Yredelemnul
The Shining One


Innate Abilities, Weirdness & Mutations

You are partially covered in thin metallic scales. (AC +2)


Message History

Press: ? - help, Shift-Dir - straight line, f/p - worker ant
Aim: a worker ant (moderately wounded, chance to defeat MR: 86%)
The worker ant writhes in agony!
You feel sick. The worker ant bites you.
* * * LOW HITPOINT WARNING * * *
Your quokka skeleton bites the worker ant.
Casting: Pain (safe; 1% risk of failure)
Confirm with . or Enter, or press ? or * to list all spells.
Aiming: Pain (safe; 1% risk of failure)
Press: ? - help, Shift-Dir - straight line, f/p - worker ant
Aim: a worker ant (severely wounded, chance to defeat MR: 86%)
The worker ant writhes in agony.
The worker ant bites you.
* * * LOW HITPOINT WARNING * * *
Your quokka skeleton closely misses the worker ant.
It was a potion of degeneration.
There was something very wrong with that liquid.
You feel weakened.
You feel dopey.
You feel clumsy.
* * * LOW HITPOINT WARNING * * *
You feel sick. The worker ant bites you.
You die...
Kikubaaqudgha rasps: "You have failed me!
Welcome... death!"

.. #.#
..
###.##
.....
#..#
#a##
#Z@#
##.##
#..#
##.##
#..#
##.#
#.# #.#
.#
#.##.#
#######


You could see a worker ant and a friendly quokka skeleton.

Vanquished Creatures
  3 adders (D:2)
  A gnoll (D:3)
  3 dart slugs
  2 leopard geckos
  3 ball pythons
  3 giant cockroaches
  3 goblins
  8 hobgoblins
  6 kobolds
  3 quokkas
  9 bats
  2 frilled lizards
  5 rats
51 creatures vanquished.

Vanquished Creatures (collateral kills)
  A worm (D:2)
  2 kobolds
  A bat (D:2)
4 creatures vanquished.

Grand Total: 55 creatures vanquished

Notes
Turn   | Place    | Note
-------+----------+-------------------------------------------
     0 | D:1      | Flure the Demonspawn Necromancer began the quest for the
                  | Orb.
     0 | D:1      | Reached XP level 1. HP: 13/13 MP: 3/3
   781 | D:1      | Gained mutation: You are partially covered in thin metallic
                  | scales. (AC +2) [demonic ancestry]
   781 | D:1      | Reached XP level 2. HP: 10/19 MP: 0/5
  1347 | D:1      | Learned a level 1 spell: Animate Skeleton
  1532 | D:1      | Reached skill level 5 in Necromancy
  1830 | D:1      | Reached XP level 3. HP: 10/24 MP: 0/6
  2779 | D:2      | Found a shimmering altar of Xom.
  2785 | D:2      | Found a shimmering altar of Xom.
  2785 | D:2      | Found a shimmering altar of Xom.
  2786 | D:2      | Found a shimmering altar of Xom.
  2786 | D:2      | Found a shimmering altar of Xom.
  2793 | D:2      | Reached XP level 4. HP: 17/30 MP: 1/8
  2929 | D:2      | Found a radiant altar of Vehumet.
  3024 | D:2      | Found a shimmering altar of Xom.
  3392 | D:2      | Found a bloodstained altar of Trog.
  3956 | D:4      | Found a staircase to the Ecumenical Temple.
  3969 | Temple   | Entered the Ecumenical Temple
  4108 | Temple   | Became a worshipper of Kikubaaqudgha
  4163 | D:4      | Got a scorched ring mail
  4256 | D:4      | Slain by a worker ant

Skill      XL: |  1  2  3 |
---------------+----------+-----
Dodging        | 2 |  2.2
Necromancy     | 5 |  5.5
Stealth        | 2 |  2.0
Short Blades   | |  0.4
Spellcasting   | |  2.9

Action                   |  1- 3 |  4- 6 || total
-------------------------+-------+-------++-------
Melee: Dagger            |    21 |     7 ||    28
Throw: Tomahawk          |     3 |       ||     3
 Cast: Pain              |    70 |    43 ||   113
       Animate Skeleton  |     2 |     8 ||    10
  Use: Potion            |       |     1 ||     1
 Stab: Sleeping          |     6 |     2 ||     8
  Eat: Chunk             |     3 |     4 ||     7
       Ration            |     1 |       ||     1
Armor: Robe              |    48 |     4 ||    52
Dodge: Dodged            |    78 |    20 ||    98
